 Dungeon Crawl Stone Soup version 0.25-a0-949-gdd2af9e06e (webtiles) character file.

Game seed: 13168140961108304127, levelgen mode: deterministic

5828 OckHAM the Protected (level 10, -3/91 HPs)
             Began as a Minotaur Berserker on May 8, 2020.
             Was a High Priest of Trog.
             Engulfed by a swamp dragon's poison gas (7 damage)
             ... on level 2 of the Lair of Beasts.
             The game lasted 00:52:23 (6140 turns).

OckHAM the Protected (Minotaur Berserker)           Turns: 6140, Time: 00:52:24

Health: -3/91      AC: 20    Str: 29    XL:     10   Next: 51%
Magic:  0/9        EV: 10    Int:  4    God:    Trog [*****.]
Gold:   352        SH:  0    Dex: 10    Spells: 9/9 levels left

rFire    . . .     SeeInvis .   y - +4 spear (venom)
rCold    . . .     Gourm    .   (no shield)
rNeg     . . .     Faith    .   l - +2 chain mail
rPois    .         Spirit   +   (helmet restricted)
rElec    .         Reflect  .   H - +2 cloak
rCorr    .         Harm     .   (no gloves)
MR       .....                  M - +2 pair of boots
Stlth    ..........             n - amulet of guardian spirit
HPRegen  0.25/turn              i - ring of attention (curse)
MPRegen  0.11/turn              f - +4 ring of strength

@: lethally poisoned (-3 -> -22)
A: retaliatory headbutt, horns 2
a: Berserk, Trog's Hand, Brothers in Arms, Renounce Religion


You were on level 2 of the Lair of Beasts.
You worshipped Trog.
Trog was extremely pleased with you.
You were not hungry.

You visited 3 branches of the dungeon, and saw 11 of its levels.

You collected 352 gold pieces.

Inventory:

Hand Weapons
 r - a cursed -2 mace
 y - a +4 spear of venom (weapon)
 G - a +4 quarterstaff of chaos
 K - a +0 shortbow
 O - a +0 vorpal long sword
Missiles
 L - 104 arrows
Armour
 l - a +2 chain mail (worn)
 H - a +2 cloak (worn)
 M - a +2 pair of boots (worn)
 P - +1 swamp dragon scales
Jewellery
 b - an uncursed ring of ice {unknown}
 f - a +4 ring of strength (right hand)
 i - a cursed ring of attention (left hand)
 n - an amulet of guardian spirit (around neck)
 o - an uncursed ring of fire
 u - an uncursed ring of poison resistance
 B - an uncursed ring of see invisible
 C - a cursed ring of teleportation {unknown}
 F - an uncursed ring of stealth {unknown}
Wands
 q - a wand of random effects (17)
 A - a wand of flame (24)
 N - a wand of disintegration (11)
 S - a wand of acid (11)
Scrolls
 d - a scroll of random uselessness {unknown}
 e - a scroll of magic mapping
 g - 3 scrolls of remove curse {unknown}
 m - a scroll of fear {unknown}
 p - a scroll of noise {unknown}
 v - a scroll of fog {unknown}
 x - 3 scrolls of immolation {unknown}
 J - a scroll of amnesia {unknown}
 Q - 2 scrolls of identify
 R - a scroll of enchant armour
Potions
 a - 4 potions of flight {unknown}
 h - a potion of haste
 j - a potion of lignification {unknown}
 k - 2 potions of might
 s - 2 potions of heal wounds {unknown}
 t - a potion of stabbing {unknown}
 w - 2 potions of resistance {unknown}
 z - 5 potions of curing {unknown}
 D - a potion of brilliance {unknown}
 E - 2 potions of magic {unknown}
 I - 3 potions of mutation {unknown}
Comestibles
 c - 9 rations


   Skills:
 + Level 9.1 Fighting
 + Level 7.2 Long Blades
 + Level 10.7 Polearms
 + Level 10.8 Armour
 + Level 4.0 Dodging
 + Level 1.3 Stealth
 + Level 0.3 Evocations


You had 9 spell levels left.
You didn't know any spells.
Your spell library was empty.

Dungeon Overview and Level Annotations

Branches:
Dungeon (8/15)             Temple (1/1) D:7            Lair (2/6) D:8
  Swamp: Lair:2-4    Shoals: Lair:2-4     Snake: Lair:2-4    Spider: Lair:2-4

Altars:
Ashenzari
Cheibriados
Dithmenos
Elyvilon
Fedhas
Gozag
Hepliaklqana
Kikubaaqudgha
Makhleb
Nemelex Xobeh
Okawaru
Qazlal
Ru
Sif Muna
Trog
Uskayaw
Vehumet
Wu Jian
Xom
Yredelemnul
Zin
The Shining One

Shops:
D:5 *   D:7 }

Annotations:
D:5 1 runed translucent door, Vidiiot's ghost, amateur NaFi


Innate Abilities, Weirdness & Mutations

You reflexively headbutt those who attack you in melee.
You have a pair of horns on your head.


Message History

Press: ? - help, Shift-Dir - straight line, f/p - iguana
Aim: an iguana (chance to defeat MR: 73%)
The iguana is blasted!
Aiming: Disintegrate
Press: ? - help, Shift-Dir - straight line, f/p - iguana
Aim: an iguana (severely wounded, chance to defeat MR: 73%)
The iguana is blasted!
You blow up the iguana!
Trog accepts your kill.
Aiming: Disintegrate
Press: ? - help, Shift-Dir - straight line, f - swamp dragon
Aim: a swamp dragon (chance to defeat MR: 50%)
The swamp dragon resists with some effort.
The swamp dragon breathes poison at you.
The blast of poison engulfs you but does no damage.
You are poisoned.
You hear an angry hiss.
You are engulfed in poison gas.
You are lethally poisoned!
You die...

#. ##. #P.
#.. ###.##
#.#☼.##
#§☼P.####
#○@§§...#
#.☼☼§....#
#...☼.....#
#.#..D......#
#.
...tt.....# #
#...........
#...........
#.§§........


You could see a swamp dragon and 2 crocodiles.

Vanquished Creatures
  A hydra (Lair:1)
  A spiny frog (Lair:1)
  Maggie (D:7)
  A hippogriff (D:7)
  Grinder (D:3)
  Sigmund (D:3)
  A vampire (D:8)
  Duvessa (D:4)
  2 porcupines (Lair:2)
  A phantom (D:8)
  2 sky beasts
  2 orc warriors
  A black bear (D:7)
  An ice beast (D:7)
  A necrophage (D:6)
  6 ogres
  3 centaurs
  2 crocodiles
  A big kobold (D:8)
  Blork the orc (D:4)
  8 bullfrogs
  Dowan (D:4)
  2 scorpions
  5 howler monkeys
  A bullfrog zombie (D:6)
  3 hounds
  A centaur skeleton (D:8)
  2 jellies (D:7)
  2 orc priests (D:8)
  Crazy Yiuf (D:4)
  5 iguanas
  5 orc wizards
  4 worker ants
  A killer bee zombie (D:7)
  A hound zombie (D:6)
  A worker ant zombie (D:7)
  6 gnolls
  2 river rats (D:6)
  9 adders
  A howler monkey skeleton (D:6)
  A shadow imp (D:5)
  A white imp (D:4)
  An ooze (D:2)
  2 adder skeletons
  An adder zombie (D:5)
  3 worms
  2 dart slugs
  4 leopard geckos
  17 orcs
  3 giant cockroaches
  4 hobgoblins
  20 jackals
  6 kobolds
  A quokka (D:4)
  3 bats
  3 frilled lizards
  A giant cockroach zombie (D:6)
  9 goblins
  A goblin skeleton (D:4)
  A goblin zombie (D:4)
  A hobgoblin zombie (D:4)
  A kobold skeleton (D:4)
  2 kobold zombies (D:4)
  A leopard gecko skeleton (D:6)
  2 orc skeletons (D:4)
  2 orc zombies (D:4)
  2 quokka zombies
  4 rats
  A bush (D:4)
192 creatures vanquished.

Vanquished Creatures (others)
  A plant (D:6)
1 creature vanquished.

Grand Total: 193 creatures vanquished

Notes
Turn   | Place    | Note
-------+----------+-------------------------------------------
     0 | D:1      | OckHAM the Minotaur Berserker began the quest for the Orb.
     0 | D:1      | Reached XP level 1. HP: 19/19 MP: 0/0
   451 | D:1      | Reached XP level 2. HP: 27/27 MP: 1/1
   909 | D:2      | Reached XP level 3. HP: 30/34 MP: 2/2
  1010 | D:2      | Reached XP level 4. HP: 27/41 MP: 3/3
  1038 | D:2      | Reached ** piety under Trog
  1587 | D:3      | Noticed Sigmund
  1597 | D:3      | Killed Sigmund
  1597 | D:3      | Reached skill level 5 in Fighting
  1597 | D:3      | Reached skill level 5 in Long Blades
  1597 | D:3      | Reached XP level 5. HP: 34/48 MP: 2/4
  1597 | D:3      | Reached XP level 6. HP: 40/56 MP: 2/5
  1733 | D:3      | Noticed Grinder
  1738 | D:3      | Killed Grinder
  1738 | D:3      | Reached skill level 5 in Armour
  1916 | D:4      | Found a shimmering altar of Xom.
  1920 | D:4      | Found an iron altar of Okawaru.
  1936 | D:4      | Found a bloodstained altar of Trog.
  1939 | D:4      | Found a glowing golden altar of the Shining One.
  1943 | D:4      | Reached XP level 7. HP: 57/62 MP: 4/6
  1965 | D:4      | Noticed Duvessa
  1971 | D:4      | Noticed Dowan
  1996 | D:4      | Killed Duvessa
  1998 | D:4      | Killed Dowan
  2373 | D:4      | Found a basalt altar of Yredelemnul.
  2374 | D:4      | Noticed Blork the orc
  2380 | D:4      | Killed Blork the orc
  2404 | D:4      | Found a hide-covered altar of Uskayaw.
  2407 | D:4      | Found a shattered altar of Ashenzari.
  2461 | D:4      | Found a shadowy altar of Dithmenos.
  2691 | D:4      | Reached XP level 8. HP: 33/70 MP: 3/7
  3069 | D:4      | Found a runed translucent door.
  3070 | D:4      | Noticed Crazy Yiuf
  3076 | D:4      | Killed Crazy Yiuf
  3550 | D:5      | Entered Level 5 of the Dungeon
  3945 | D:5      | Reached *** piety under Trog
  4141 | D:5      | Found a runed translucent door.
  4175 | D:5      | Noticed Vidiiot's ghost (amateur NaFi)
  4211 | D:5      | Found Fonutac's Assorted Antiques.
  4324 | D:6      | Reached skill level 5 in Polearms
  4467 | D:6      | Found a shadowy altar of Dithmenos.
  4478 | D:6      | Found a radiant altar of Vehumet.
  4585 | D:6      | Reached XP level 9. HP: 62/78 MP: 6/8
  4913 | D:7      | Reached **** piety under Trog
  4973 | D:7      | Found a staircase to the Ecumenical Temple.
  5075 | D:7      | Noticed Maggie
  5091 | D:7      | Killed Maggie
  5091 | D:7      | Reached skill level 1 in Stealth
  5288 | D:7      | Found an ornate altar of the Wu Jian Council.
  5293 | D:7      | Found Litefuto's Gadget Shop.
  5411 | D:7      | Reached skill level 10 in Armour
  5417 | Temple   | Entered the Ecumenical Temple
  5646 | D:8      | Reached XP level 10. HP: 55/88 MP: 5/9
  5783 | D:8      | Reached ***** piety under Trog
  6033 | D:8      | Found a staircase to the Lair.
  6045 | Lair:1   | Entered Level 1 of the Lair of Beasts
  6045 | Lair:1   | Noticed a spiny frog
  6055 | Lair:1   | Killed a spiny frog
  6055 | Lair:1   | Reached skill level 10 in Polearms
  6098 | Lair:1   | Noticed a seven-headed hydra
  6112 | Lair:1   | Killed a seven-headed hydra
  6120 | Lair:2   | HP: 1/90 [crocodile (7)]
  6133 | Lair:2   | Noticed a swamp dragon
  6140 | Lair:2   | Engulfed by a swamp dragon's poison gas

Levels and vault maps discovered:
D:1:      wander_arrival_abandoned_jail, layout_loops_ring,
          minmay_shallow_snake_nest
D:2:      layout_rooms, st_stairs_12, corexii_hall_statues_l
D:3:      layout_rooms, uniq_sigmund, uniq_grinder
D:4:      kb_forest_paths, layout_basic, nicolae_overflow_hidden_temple,
          grunt_temple_overflow_open, nicolae_tso_besieged_by_evil,
          first_ration, nicolae_dithmenos_through_a_glass_darkly,
          uniq_crazy_yiuf_cottage, uniq_duvessa, uniq_blork_the_orc
D:5:      layout_loops_ring, ebering_ghost_inner_flame, serial_shops,
          nicolae_shop_overgrown_old_shop
D:6:      wad_woods_settlement, layout_loops_ring,
          amethyst_overflow_temple_binary, chequers_serial_rivers_large_a
D:7:      layout_loops_ring, lemuel_crystal_altar,
          minmay_temple_entry_large_hall, serial_shops, nicolae_shop_waterfront,
          uniq_maggie
D:8:      layout_gridville, lair_entry_dummy
Temple:   nicolae_temple_no_exploring_needed
Lair:1:   layout_hall_layers, beast_lair_carwin_3
Lair:2:   layout_cave_pods, minmay_swamp_entry_reptiles,
          ebering_ghost_funeral_grove, grunt_megastairs_3, uniq_gastronok

Skill      XL: |  1  2  3  4  5  6  7  8  9 10 |
---------------+-------------------------------+-----
Fighting       | 4 5 6 8 9 |  9.1
Long Blades    | 4 5 6 7 |  7.2
Armour         | 3 4 5 6 8 10 | 10.8
Polearms       | 3 6 9 10 | 10.7
Dodging        | 3 4 |  4.0
Stealth        | 1 |  1.3
Evocations     | |  0.3

Action                   |  1- 3 |  4- 6 |  7- 9 | 10-12 || total
-------------------------+-------+-------+-------+-------++-------
Melee: Falchion          |    86 |     9 |       |       ||    95
       Headbutt          |    10 |     6 |    87 |    20 ||   123
       Long sword        |       |    29 |       |       ||    29
       Spear             |       |     8 |   383 |    82 ||   473
Invok: Berserk           |       |       |     1 |       ||     1
Evoke: Wand              |       |       |       |     5 ||     5
  Use: Scroll            |       |     4 |     9 |       ||    13
  Eat: Ration            |       |     1 |     4 |     1 ||     6
Armor: Animal skin       |     4 |       |       |       ||     4
       Ring mail         |     4 |       |       |       ||     4
       Chain mail        |    41 |    23 |   162 |    57 ||   283
Dodge: Dodged            |    43 |    28 |   150 |    51 ||   272
       Rpst.: Falchion   |     8 |     4 |       |       ||    12

Table legend:
 A = Non-vault XP
 B = Vault XP
 C = Vault XP percentage of total XP
 D = Non-vault monster count
 E = Vault monster count
 F = Vault count percentage of total count
                 A         B        C        D         E       F
            +---------+---------+-------+---------+---------+-------
      Total |    6332 |    1995 |  24.0 |     159 |      32 |  16.8
            +---------+---------+-------+---------+---------+-------
        D:1 |      21 |       0 |   0.0 |      12 |       0 |   0.0
        D:2 |     137 |       1 |   0.7 |      24 |       1 |   4.0
        D:3 |      26 |     490 |  95.0 |       5 |       2 |  28.6
        D:4 |     137 |     724 |  84.1 |       5 |      20 |  80.0
        D:5 |     727 |       0 |   0.0 |      22 |       0 |   0.0
        D:6 |    1045 |      57 |   5.2 |      33 |       4 |  10.8
        D:7 |    1340 |     356 |  21.0 |      28 |       1 |   3.4
        D:8 |    1083 |       0 |   0.0 |      24 |       0 |   0.0
     Lair:1 |    1482 |      88 |   5.6 |       3 |       1 |  25.0
     Lair:2 |     334 |     279 |  45.5 |       3 |       3 |  50.0
            +---------+---------+-------+---------+---------+-------
